 Dungeon Crawl Stone Soup version 0.31-a0-816-gd61d57ddb1 (webtiles) character file.

Game seed: 2288992585755492163

93 kagamino the Conjurer (level 4, -2/29 (34) HPs)
             Began as a Demonspawn Reaver on Sept 22, 2023.
             Slain by Grinder (3 damage)
             ... on level 3 of the Dungeon.
             The game lasted 00:04:26 (1915 turns).

kagamino the Conjurer (Demonspawn Reaver)           Turns: 1915, Time: 00:04:27

HP:   -2/29 (34)    AC:  3    Str: 12    XL:     4   Next: 37%
MP:   7/7           EV: 12    Int: 16    God:
Gold: 153           SH:  0    Dex: 12    Spells: 7/8 levels left

rFire   . . .        a - +0 spear
rCold   . . .        (no shield)
rNeg    . . .        b - +0 leather armour
rPois   .            (no helmet)
rElec   .            (no cloak)
rCorr   .            (no gloves)
SInv    .            (no boots)
Will    .....        (no amulet)
Stlth   +            (no ring)
HPRegen 0.24/turn    (no ring)
MPRegen 0.10/turn

%: no passive effects
@: heavily drained
A: spiny 2
a: no special abilities


You were on level 3 of the Dungeon.
You visited 1 branch of the dungeon, and saw 3 of its levels.

You collected 153 gold pieces.

Inventory:

Hand Weapons
 a - a +0 spear (weapon)
Missiles
 d - 2 curare-tipped darts
 i - 2 poisoned darts
 j - 3 atropa-tipped darts
Armour
 b - a +0 leather armour (worn)
Magical Staves
 h - a staff of fire
Scrolls
 e - a scroll of brand weapon {unknown}
 g - a scroll of enchant weapon {unknown}
 k - a scroll of vulnerability {unknown}
 m - a scroll of identify {unknown}
Potions
 c - a potion of invisibility {unknown}
 f - a potion of might {unknown}
 l - a potion of curing {unknown}
 n - a potion of heal wounds {unknown}


   Skills:
 + Level 2.7 Fighting
 + Level 3.1 Polearms
 + Level 2.4 Dodging
 + Level 2.5 Spellcasting
 + Level 3.5 Conjurations


You had 7 spell levels left.
You knew the following spells:

 Your Spells              Type           Power      Damage    Failure   Level
a - Kiss of Death         Conj/Necr      28%        2d7       12%         1

Your spell library contained the following spells:

 Spells                   Type           Power      Damage    Failure   Level
 Momentum Strike          Conj/Tloc      14%        3d8       19%         2
 Sting                    Tmut/Pois      8%         1d3       26%         1
 Poisonous Vapours        Pois/Air       4%         N/A       36%         2
 Hailstorm                Conj/Ice       7%         3d4       36%         3
 Olgreb's Toxic Radiance  Pois           2%         N/A       94%         4


Dungeon Overview and Level Annotations

Branches:
Dungeon (3/15)

Altars:

Annotations:
D:3 Grinder


Innate Abilities, Weirdness & Mutations

You are mostly covered in sharp spines.


Message History

Grinder gestures at you.
You barely resist.
Reach: a) +0 spear
Press: ? - help, Dir - move target, f/p - Grinder
Aim: Grinder (severely wounded, about 42% to evade your +0 spear)
You reach to attack!
You hit Grinder.
Grinder is almost dead.
Grinder gestures at you.
You suddenly lose the ability to move!
Grinder says, "Wait up."
Grinder gestures at you.
You shrug off the repeated paralysis!
Grinder blinks!
You can move again.
Grinder gestures at you.
You shrug off the repeated paralysis!
Grinder gestures at you.
You suddenly lose the ability to move!
You can move again.
You are too injured to fight recklessly!
Grinder blinks!
Reach: a) +0 spear
Press: ? - help, Dir - move target, f/p - Grinder
Aim: Grinder (severely wounded, about 42% to evade your +0 spear)
You hit Grinder.
Grinder is almost dead.
Grinder gestures at you.
You suddenly lose the ability to move!
Grinder is struck by your spines. Grinder hits you.
You can move again.
Reach: a) +0 spear
Press: ? - help, Dir - move target, f/p - Grinder
Aim: Grinder (almost dead, about 42% to evade your +0 spear)
You closely miss Grinder.
Grinder is almost dead.
Grinder hits you!
* * * LOW HITPOINT WARNING * * *
You writhe in agony.
You die...
Grinder says, "Now the real fun starts!"

.#.............# ###...
...............######...
#########'####(....>.#...
..........####.......#...
............##..)....#...
............##.......#...
............##.......#...
............##.......#...
........@...+....<...####
#######5....#######'##
#.........# #.#
#.#....♣..# ##.#####
##...P..######.......
##.............##.##
#.....########...##
...#.... #...##
##.##..... #...'.


You could see Grinder.

Vanquished Creatures
  Robin (D:2)
  An adder (D:3)
  2 worms (D:2)
  3 orcs (D:3)
  5 ball pythons
  4 bats
  5 endoplasms
  4 giant cockroaches
  12 goblins
  8 hobgoblins
  3 kobolds
  8 frilled lizards
  5 rats
61 creatures vanquished.

Notes
Turn   | Place    | Note
-------+----------+-------------------------------------------
     0 | D:1      | kagamino the Demonspawn Reaver began the quest for the Orb.
     0 | D:1      | Reached XP level 1. HP: 16/16 MP: 3/3
   119 | D:1      | Gained mutation: You are partially covered in sharp spines.
                  | [demonic ancestry]
   119 | D:1      | Reached XP level 2. HP: 12/22 MP: 5/5
   791 | D:2      | Noticed Robin
   865 | D:2      | Reached XP level 3. HP: 27/27 MP: 6/6
   876 | D:2      | Killed Robin
  1231 | D:2      | Gained mutation: You are mostly covered in sharp spines.
                  | [demonic ancestry]
  1231 | D:2      | Reached XP level 4. HP: 29/31 MP: 7/7
  1476 | D:2      | Found a faded altar of an unknown god.
  1885 | D:3      | Noticed Grinder
  1904 | D:3      | Paralysed by Grinder for 2 turns
  1908 | D:3      | Paralysed by Grinder for 3 turns
  1913 | D:3      | Paralysed by Grinder for 2 turns
  1915 | D:3      | HP: 1/29 [Grinder (9)]
  1915 | D:3      | Slain by Grinder

Illustrated notes

Levels and vault maps discovered:
D:1:      grunt_arrival_lava_bath, layout_basic, minmay_lizard_king
D:2:      minmay_chambers_of_twos, layout_basic,
          dreamdust_ecumenical_altar_sealed_demon, uniq_robin
D:3:      layout_basic, skrybe_limestone_x, serial_park_tiny_1, uniq_grinder

Skill      XL: |  1  2  3 |
---------------+----------+-----
Dodging        | 2 |  2.4
Polearms       | 3 |  3.1
Fighting       | |  2.7
Spellcasting   | |  2.5
Conjurations   | |  3.5

Action                     |  1- 3 |  4- 6 || total
---------------------------+-------+-------++-------
  Melee: Spear             |   129 |    42 ||   171
         Punch             |     2 |       ||     2
   Cast: Kiss of Death     |     2 |     1 ||     3
   Stab: Sleeping          |       |     1 ||     1
 Armour: Leather armour    |    53 |     8 ||    61
  Dodge: Dodged            |    50 |    11 ||    61

Table legend: (Time is in decaauts)
 A = Elapsed time spent in this place.
 B = Non-inter-level travel time spent in this place.
 C = Inter-level travel time spent in this place.
 D = Time resting spent in this place.
 E = Time spent auto-exploring this place.
 F = Levels seen in this place.
 G = Mean time per level.
                   A        B        C        D        E       F      G
               +--------+--------+--------+--------+--------+-----+--------+
         Total |   1905 |   1871 |     34 |     49 |   1437 |   3 |  635.0 |
       Dungeon |   1905 |   1871 |     34 |     49 |   1437 |   3 |  635.0 |
               +--------+--------+--------+--------+--------+-----+--------+

Top non-repeatable levels by time:
     D:2: 932 daAuts
     D:1: 556 daAuts
     D:3: 416 daAuts
